Cogmind - Beta 17 @@@ ROGUE MODE // 2026.06.29 @ 23:46:11 Player: Akl Result: Destroyed by P-60 Hacker with Shock Rifle Performance ------------- Evolutions (0) 0 Regions Visited (2) 400 Robots Destroyed (14) 70 Value Destroyed (397) 397 Prototype IDs (0) 0 Alien Tech Used (0) 0 Bonus (0) 0 TOTAL SCORE: 867 Bonus ------- None Cogmind --------- Core Integrity 0/250 Matter 235/300 Energy 250/250 System Corruption 0% Temperature Cool (0) Movement Core (250) Ox4 Location -10/Subcaves Parts ------- > --- POWER (1) -------- Ion Engine > --- PROPULSION (2) --- (None) > --- UTILITY (2) ------ Medium Storage Unit Launcher Guidance Computer > --- WEAPON (2) ------- (None) > --- INVENTORY (10) --- Structural Scanner Subdweller Optics Light Assault Rifle Subdweller Machine Gun Light Cannon Grenade Launcher Mining Laser Peak State ------------ > --- POWER ------------ Ion Engine > --- PROPULSION ------- Flight Unit Makeshift Flight Unit > --- UTILITY ---------- Medium Storage Unit Launcher Guidance Computer > --- WEAPON ----------- Light Assault Rifle Light Cannon > --- INVENTORY -------- Structural Scanner Subdweller Optics Subdweller Machine Gun Grenade Launcher Mining Laser [Rating: 13] Favorites ----------- Power Ion Engine Engine Ion Engine Propulsion Compact Wheel Leg Aluminum Leg Wheel Compact Wheel Flight Unit Makeshift Flight Unit Utility Small Storage Unit Device Improved Terrain Scanner Storage Small Storage Unit Processor Launcher Guidance Computer Weapon Light Assault Rifle Ballistic Gun Light Assault Rifle Ballistic Cannon Light Cannon Launcher Grenade Launcher Special Weapon Mining Laser Build | -11 -10 -10 ------- Run | Yrd Mat Sub Slots Evolved . | . . . Power . | . . . Propulsion . | . . . Utility . | . . . Weapon . | . . . Parts Attached 21 | 9 7 5 Power 4 | 2 1 1 Engine 4 | 2 1 1 Core . | . . . Reactor . | . . . Propulsion 6 | 2 2 2 Treads . | . . . Leg 2 | . 2 . Wheel 2 | 2 . . Hover . | . . . Flight 2 | . . 2 Utility 5 | 2 3 . Device 2 | 1 1 . Storage 2 | 1 1 . Processor 1 | . 1 . Hackware . | . . . Protection . | . . . Artifact . | . . . Weapon 6 | 3 1 2 Energy Gun . | . . . Energy Cannon . | . . . Ballistic Gun 2 | 2 . . Ballistic Cannon 1 | . . 1 Launcher 2 | . 1 1 Special Weapon 1 | 1 . . Impact Weapon . | . . . Slashing Weapon . | . . . Piercing Weapon . | . . . Special Melee Weapon . | . . . Unidentified Prototypes . | . . . Parts Lost 9 | 1 . 8 Power 1 | . . 1 Propulsion 4 | . . 4 Utility 1 | 1 . . Weapon 3 | . . 3 Highest Loss Streak 3 | 1 . 3 To Critical Strikes . | . . . Average Backups 5 | 4 7 8 Power . | 1 1 . Propulsion 1 | 1 2 1 Utility . | . 1 1 Weapon 1 | . 3 3 Tool/Special . | . . . Unused Backups 6 | . 1 5 Power . | . . . Propulsion 2 | . 1 1 Utility 1 | . . 1 Weapon 3 | . . 3 Tool/Special . | . . . Average Slot Usage (%) 92 | . 97 89 Engine 13 | . 14 13 Leg 17 | . 17 17 Wheel 5 | . 10 . Flight 1 | . . 2 Storage 14 | . 14 14 Processor 12 | . 11 14 Ballistic Gun 13 | . 14 13 Ballistic Cannon 5 | . . 10 Launcher 6 | . 11 2 Special Weapon 1 | . 2 . Peak Build Rating 13 | 9 10 13 Average Rating 7 | 6 9 10 On Entrance 5 | . 6 10 Avg Prop Armor Cover (%) . | . . . Naked Turns . | . . . Heaviest Build 19 | 13 19 19 Greatest Support 32 | 32 32 20 Greatest Overweight (x) 6 | 2 . 6 Average Overweight (x) . | . . . Largest Inventory Capacity 10 | 8 10 10 Average Capacity 8 | 7 8 10 Most Carried 10 | 5 8 10 Average Carried 5 | 4 7 8 Final Capacity 10 | 8 10 10 Final Carried 8 | 5 8 7 Class Distribution -------------------- 100% | Mutant Dominant Class ---------------- Mutant | -10/Materials Mutant | -10/Subcaves Resources | -11 -10 -10 ----------- Run | Yrd Mat Sub Matter Collected 571 | 300 21 250 Remotely . | . . . Salvage Created 309 | 151 29 129 Parts 22 | 11 4 7 Haulers Intercepted . | . . . Recyclers Shooed . | . . . Parts Field Recycled . | . . . Retrieved Matter . | . . . Parts Self-Destructed 4 | . . 4 Prevented . | . . . Parts Restored . | . . . Kills | -11 -10 -10 ------- Run | Yrd Mat Sub Combat Hostiles Destroyed 8 | 1 . 7 Guns 4 | 1 . 3 Cannons 2 | . . 2 AOE 2 | . . 2 Classes Destroyed 6 | 3 1 2 Tunneler 3 | 3 . . Recycler 1 | 1 . . Watcher 2 | . 2 . Sentry 1 | . . 1 Demolisher 1 | 1 . . Subdweller 6 | . . 6 Best Kill Streak 3 | 3 1 3 Combat Bots Only 3 | 1 . 3 Max Kills in Single Turn 1 | 1 1 1 Gunslinging . | . . . Exploded 1 | . . 1 Melee . | . . . Uniques/NPCs Destroyed . | . . . Combat | -11 -10 -10 -------- Run | Yrd Mat Sub Hostile Shots Fired 75 | 3 . 72 Missed 19 | . . 19 Hits 56 | 3 . 53 Projectile 56 | 3 . 53 AOE 7 | 3 . 4 Critical Strikes 3 | . . 3 Damage Taken 1121 | 99 . 1022 Core 256 | 10 . 246 Absorbed by Shields . | . . . Core Remaining (%) 96 | 96 . . Volleys Fired 77 | 42 3 32 Largest 2 | 2 2 2 Hottest 100 | 100 50 50 Shots Fired 118 | 53 6 59 Gun 56 | 22 3 31 Cannon 18 | . . 18 Launcher 13 | . 3 10 Special 31 | 31 . . Kinetic 74 | 22 3 49 Thermal 31 | 31 . . Explosive 13 | . 3 10 Electromagnetic . | . . . Robot Hit Streak 8 | 8 3 7 Robot Miss Streak 2 | 2 . 2 Penetration Max . | . . . Secondary Targets . | . . . Shots Hit Robots 54 | 16 2 36 Core Hits 28 | 8 3 17 Critical Kills . | . . . Critical Parts Destroyed . | . . . Critical Strikes . | . . . Melee Attacks . | . . . Impact . | . . . Slashing . | . . . Piercing . | . . . Sneak Attacks . | . . . Combat Hostiles . | . . . Follow-up Attacks . | . . . Damage Inflicted 1088 | 127 65 896 Guns 287 | 127 17 143 Cannons 268 | . . 268 Explosions 533 | . 48 485 Melee . | . . . Ramming . | . . . Kinetic 555 | 127 17 411 Thermal . | . . . Explosive 533 | . 48 485 Electromagnetic . | . . . Impact . | . . . Slashing . | . . . Piercing . | . . . Highest Corruption . | . . . Average Corruption . | . . . Corruption Purged . | . . . Corruption Blocked . | . . . Overload Shots . | . . . Overflow Damage . | . . . Projectiles . | . . . Explosions . | . . . Melee . | . . . Knockbacks 1 | . . 1 Impact . | . . . Kinetic 1 | . . 1 Secondary . | . . . Self-Inflicted Damage . | . . . Shots . | . . . Rammed . | . . . Targets Rammed . | . . . Kicked . | . . . Crushed . | . . . Highest Temperature 294 | 120 10 294 Average Temperature 49 | 43 7 156 Received Heat Transfer 417 | . . 417 Siege Activations . | . . . Martial Activations . | . . . Shielding Activations . | . . . Robots Disrupted . | . . . Combat Hostiles . | . . . Robots Corrupted . | . . . Combat Hostiles . | . . . Parts Fried . | . . . Impact Corruptions . | . . . Robots Melted . | . . . Combat Hostiles . | . . . Parts Melted 1 | . . 1 Heat Transferred . | . . . Parts Sabotaged . | . . . Parts Stolen . | . . . Parts Stripped . | . . . Power Chain Reactions . | . . . Alert | -11 -10 -10 ------- Run | Yrd Mat Sub Maximum Alert Level . | . . . Low Security (%) 100 | 100 100 . Level 1 . | . . . Level 2 . | . . . Level 3 . | . . . Level 4 . | . . . Level 5 . | . . . High Security . | . . . Max Security . | . . . Peak Influence 20 | 20 14 . Initial . | . . . Average . | . 1 . Influence Increases 101 | 40 41 20 Destroy 0b10 Robot/C 40 | 20 . 20 Destroy 0b10 Robot/NC 30 | 20 10 . Destroy Leader 4 | . 4 . Successful Hack 2 | . 2 . Destroy Structure 25 | . 25 . Influence Decreases 101 | 40 41 20 Time Decay 101 | 40 41 20 Squads Dispatched . | . . . Investigation . | . . . Extermination . | . . . Reinforcement . | . . . Assault . | . . . Garrison . | . . . Intercept . | . . . Searches Triggered . | . . . Construction Impeded . | . . . Haulers Reinforced . | . . . Active Scanning Responses . | . . . Cargo Convoy Interrupts . | . . . Stealth | -11 -10 -10 --------- Run | Yrd Mat Sub Distress Signals . | . . . Communications Jammed . | . . . Distress Signals . | . . . Times Spotted 15 | 2 2 11 Peak Tracking Total 3 | 1 1 3 Tactical Retreats . | . . . Traps | -11 -10 -10 ------- Run | Yrd Mat Sub Traps Triggered . | . . . Indirectly . | . . . Trap Hack Attempts . | . . . Triggered . | . . . Disarmed . | . . . Reprogrammed . | . . . Reused . | . . . Traps Extracted . | . . . Installed . | . . . Triggered . | . . . Machines | -11 -10 -10 ---------- Run | Yrd Mat Sub Machines Disabled . | . . . Max in Single Turn . | . . . Machines Repaired . | . . . Machines Dismantled . | . . . Machines Sabotaged . | . . . Overloaded Fab Kills . | . . . Hacking | -11 -10 -10 --------- Run | Yrd Mat Sub Machines Accessed 2 | . 2 . Terminals 2 | . 2 . Fabricators . | . . . Repair Stations . | . . . Recycling Units . | . . . Scanalyzers . | . . . Garrison Access . | . . . Total Hacks 6 | . 6 . Successful 4 | . 4 . Failed 2 | . 2 . Catastrophic . | . . . Database Lockouts . | . . . Manual . | . . . Terminals 6 | . 6 . Fabricators . | . . . Repair Stations . | . . . Recycling Units . | . . . Scanalyzers . | . . . Garrison Access . | . . . Terminal Hacks 4 | . 4 . Record 2 | . 2 . Maintenance Status 1 | . 1 . Hauler Manifests 1 | . 1 . Fabricator Hacks . | . . . Repair Station Hacks . | . . . Recycling Unit Hacks . | . . . Scanalyzer . | . . . Garrison Access Hacks . | . . . Unauthorized Hacks . | . . . Terminals . | . . . Fabricators . | . . . Repair Stations . | . . . Recycling Units . | . . . Scanalyzers . | . . . Garrison Access . | . . . Data Cores Recovered . | . . . Used . | . . . Hacking Detections 2 | . 2 . Full Trace Events . | . . . Feedback Events . | . . . Feedback Blocked . | . . . Robot Schematics Acquired . | . . . Robots Built . | . . . Authchips . | . . . Time . | . . . Total Robot Build Rating . | . . . Part Schematics Acquired . | . . . Parts Built . | . . . Authchips . | . . . Time . | . . . Total Part Build Rating . | . . . Part Studies Acquired . | . . . Parts Repaired . | . . . Time . | . . . Parts Recycled . | . . . Recycled Matter . | . . . Retrieved Matter . | . . . Retrieved Components . | . . . Parts Scanalyzed . | . . . Part Schematics Acquired . | . . . Parts Damaged . | . . . Bothacking | -11 -10 -10 ------------ Run | Yrd Mat Sub Used RIF Installer . | . . . Robots Hacked . | . . . Non-combat . | . . . Combat . | . . . Robot Hacks Applied . | . . . Relay Couplers Released . | . . . Fabnet Peak Effective % . | . . . Robots Rewired . | . . . Allies Hacked . | . . . Hacks Repelled . | . . . Allies | -11 -10 -10 -------- Run | Yrd Mat Sub Total Allies . | . . . Largest Group . | . . . Highest-Rated Group . | . . . Highest-Rated Ally . | . . . Total Orders . | . . . Ally Attacks . | . . . Total Damage . | . . . Kills . | . . . Allies Corrupted . | . . . Allies Melted . | . . . Intel | -11 -10 -10 ------- Run | Yrd Mat Sub Active Infowar (turns) 1297 | 1296 1 . Terrain 1296 | 1296 . . Structural 1 | . 1 . Robot Analysis Total . | . . . Derelict Logs Recovered . | . . . Drone Launches . | . . . Drone Recoveries . | . . . Exploration | -11 -10 -10 ------------- Run | Yrd Mat Sub Turns Passed 5656 | 4635 485 536 Spaces Moved 2216 | 1572 365 279 Core 62 | 54 . 8 Treads . | . . . Legs 480 | . 243 237 Wheels 1640 | 1518 122 . Hover . | . . . Flight 34 | . . 34 Fastest Speed 50 | 50 100 120 Average Speed 109 | 100 113 156 Slowest Speed 350 | 150 120 350 Overloaded Moves . | . . . Propulsion Burnouts . | . . . Robots Hopped . | . . . Potential Cave-ins 13 | 13 . . Cave-ins Triggered . | . . . Exploration Rate (%) 52 | 76 50 30 Regions Visited 2 Branch Regions 1 Pre-discovered Areas . | . . . Known Exits Taken . | . . . Unknown Exits Taken 2 | 1 1 . Scrap Searched . | . . . Spaces Dug 8 | 8 . . Terrain Destroyed 87 | 10 23 54 Melee . | . . . Projectile 10 | 10 . . AOE 77 | . 23 54 Terrain Rammed . | . . . Walls Destroyed . | . . . Machines Disabled . | . . . Actions | -11 -10 -10 --------- Run | Yrd Mat Sub Total 5271 | 4510 432 329 Wait 2920 | 2874 41 5 Move 2214 | 1571 364 279 Hop . | . . . Pick Up 27 | 13 10 4 Fast Attach . | . . . Attach 14 | 7 1 6 Detach 2 | . . 2 Swap 8 | 2 6 . Drop 9 | 1 7 1 Fire 77 | 42 3 32 Melee . | . . . Ram . | . . . Kick . | . . . Crush . | . . . Escape Stasis . | . . . Rewire . | . . . Trap . | . . . Miscellaneous . | . . . Route ------- -11/Scrapyard -10/Materials (discovered 2 exits: [*Mat] / [*Sub]) -10/Subcaves (discovered 1 exit: [*Mat]) History --------- Turn | Location | Event 18 | -11/Scrapyard | Discovered new exit (range 15) 925 | -11/Scrapyard | Assembled infested the area 4636 | -11/Scrapyard | Entered Materials 4653 | -10/Materials | Build established: Mutant 5045 | -10/Materials | Discovered new exit (range 13) 5109 | -10/Materials | Discovered new exit (range 8) 5121 | -10/Materials | Entered Subcaves 5122 | -10/Subcaves | Approached by a straggling Scientist 5148 | -10/Subcaves | Shifting Twisted Machinery released Mak. Flight Unit 5158 | -10/Subcaves | Shifting Twisted Machinery released Barrage Gun 5209 | -10/Subcaves | Ambushed by Subdweller buried in earth 5213 | -10/Subcaves | Ambushed by Subdweller buried in earth 5265 | -10/Subcaves | Discovered new exit (range 14) 5271 | -10/Subcaves | Shifting Twisted Machinery released Mak. Kinetic Plating 5273 | -10/Subcaves | Shifting Twisted Machinery released Mak. Hacking Suite 5311 | -10/Subcaves | Core integrity fell below 50% 5614 | -10/Subcaves | Lost 3 parts (1p1n1w) 5637 | -10/Subcaves | Ambushed by research squad 5646 | -10/Subcaves | Core integrity fell below 20% 5657 | -10/Subcaves | Destroyed by P-60 Hacker with Shock Rifle Last Messages --------------- 05568_ Ion Engine destroyed. 05577_ Lgt. Assault Rifle destroyed. 05583_ Aluminum Leg destroyed. 05583_ Critical hit (Burn: +37). 05584_ Destroyed Heat Sink. 05584_ Y-45 Defender destroyed. 05589_ Acquired 23 matter. 05591_ Acquired 1 matter. 05594_ Acquired 4 matter. 05601_ Acquired 12 matter. 05616_ Acquired 11 matter. 05622_ Acquired 5 matter. 05624_ Acquired 6 matter. 05637_ P-60 Hacker: "UNIQUE TECHNOLOGY DETECTED, NEUTRALIZE FOR ANALYSIS." 05642_ Penetrated by Slug. 05645_ Flight Unit destroyed. 05652_ Slug penetrates Wall. 05655_ Mak. Flight Unit destroyed. 05657_ Penetrated by Slug. Map ----- +----------------------------------------------------+ | ?????????????????????????????????????????????????? | | ?????????????????????????????????????????????????? | | ?????????????????????????????????????????????????? | | ?????????????????????????????????????????????????? | | ?????????????????????????????????????????????????? | | ?????????????????????????????????????????????????? | | ?????????????????????????????????????????????????? | | ?????????????????????????????????????????????????? | | ?????????????????????????????????????????????????? | | ???????????????????????????########??????????????? | | ???????????????????????????# ## #??????????????? | | ???????????????????????????# # #??????????????? | | ???????????????????????????# # ##?????????????? | | ???????????????????????????# ###???????????? | | ???????????????????????????# ##??????????? | | #?????????????????????????## h #??????????? | | #?????????????????????????# # #??????????? | | ##????????????????????????# #??????????? | | #?????????????????#?????## ## #??????????? | | #???????????????## ????## h# #### #??????????? | | ##???????????????# ???## # ######??????????? | | ????????????????## #??# ### ##????????????? | | #######?????????# #?## p #????????????? | | ###???????# ### #????????????? | | ###??????# ## # #????????????? | | #??####?# @## ##????????????? | | #?## ## ## # #?????????????? | | ## ##?# ###########?????????????? | | #?# ###??# ##??????????????????????? | | #??####??## ##?????????????????????? | | ##??## ##??#### #?????????????????????? | | ##??## ####### #?????????????????????? | | ##???# ## ##????????????????????? | | #????# #????????????????????? | | ###### ## ##???????????????????? | | ## ## ## ##??????????????????? | | ## ##?????????????????? | | ####### #?????????????????? | | ### ### #???## ##?????????????????? | | #?# ### #?## #?# ########???????????? | | #?# #?###?? #?## ##??????????? | | ##?????? #??# #??????????? | | ####?????? #?# #??????????? | | ###????????? #??????????? | | ###????????????# #??????????? | | ???????????????# ### ## ## ##??????????? | | ???????????????# ###?#### #?###???????????? | | ???????????????# ###??????#### #???????????????? | | ???????????????? #????????????##???????????????? | | ?????????????????? ??????????????????????????????? | +----------------------------------------------------+ Best States ------------- Heat Dissipation 25 Energy Generation 10 Energy Capacity 250 Matter Stores 300 Matter Capacity 300 Sight Range 16 Terrain Scan Range 16 Terrain Scan Density 10 Evasion (%) 55 Launcher Accuracy 20 Item Schematics ----------------- None Robot Schematics ------------------ None Fabricated ------------ Nothing Repaired ---------- Nothing Studied --------- None Alien Tech Used ----------------- None Achievements -------------- Curiosity Killed The Cat Do Not Disturb Challenges ------------ None Game ------ Seed TachyonVoltaicSaw Manual? 0 Play Time 00:23:15 Cumulative 9.3 hours Start 2026.06.29 @ 23:20:12 End 2026.06.29 @ 23:46:11 Sessions 1 Manual Loads 0 Difficulty Rogue Special Mode None Game No. 20 Rogue 20 Adventurer 0 Explorer 0 Win Type - Total 0 Types 0/0/0/0/0/0/0/0/0/0 Lore% 9 Gallery% 11 Achievement% 11 Wizard Run 0 Options --------- Layout 1 ASCII 0 Keyboard 0 Movement Mouse Keybinds 0 Fullscreen 1 Font 24/Smallcaps Map View 50x35 Zoom Use 0% Tactical HUD 1 Map Filters NONE Filters NONE Steam 1 RUN: 7a3a5bf8-2052-4c4e-80ef-237895d093ed